 Dungeon Crawl Stone Soup version 0.25-b1-37-g2669288c55 (webtiles) character file.

Game seed: 16870316964094645705

26264 Elvor the Cleaver (level 12, -8/106 HPs)
             Began as a Deep Dwarf Fighter on June 3, 2020.
             Was an Elder of Elyvilon.
             Mangled by a titanic slime creature (82 damage)
             ... on level 12 of the Dungeon on June 4, 2020.
             The game lasted 04:11:14 (13273 turns).

Elvor the Cleaver (Deep Dwarf Fighter)             Turns: 13273, Time: 04:11:14

Health: -8/106     AC: 17    Str: 35      XL:     12   Next: 96%
Magic:  11/11      EV: 10    Int: 15 (18) God:    Elyvilon [****..]
Gold:   800        SH: 20    Dex: 20      Spells: 17/20 levels left

rFire    . . .     SeeInvis .   m - +11 morningstar "Rikhyi" {venom, *Contam rElec rC+ Str+4}
rCold    + . .     Gourm    .   c - +0 kite shield
rNeg     . . .     Faith    .   x - +0 plate armour
rPois    .         Spirit   .   k - +0 helmet
rElec    +         Reflect  +   (no cloak)
rCorr    .         Harm     .   (no gloves)
MR       +....                  U - +0 pair of boots
Stlth    ..........             r - amulet of reflection
HPRegen  0.00/turn              G - +6 ring of strength
MPRegen  0.12/turn              d - ring of the First Xeniums {+Blink Str+3 Int+6 Dex+8}

@: non-regenerating
A: damage resistance, heal wounds, sense surroundings 2, no regeneration
a: Heal Wounds, Lesser Healing, Heal Other, Purification, Greater Healing,
Divine Protection, Renounce Religion, Evoke Blink


You were on level 12 of the Dungeon.
You worshipped Elyvilon.
Elyvilon was greatly pleased with you.
You were not hungry.

You visited 4 branches of the dungeon, and saw 16 of its levels.
You also visited: Sewer.

You collected 1115 gold pieces.
You spent 315 gold pieces at shops.

Inventory:

Hand Weapons
 a - a +1 war axe
 m - the +11 morningstar "Rikhyi" (weapon) {venom, *Contam rElec rC+ Str+4}
   (You found it on level 1 of the Lair of Beasts)

   It poisons the flesh of those it strikes.
   It affects your strength (+4).
   It protects you from cold.
   It insulates you from electricity.
   It causes magical contamination when unequipped.
Missiles
 e - 5 javelins
 s - 84 poisoned darts
 S - 7 silver boomerangs
 X - 7 boomerangs (quivered)
Armour
 c - a +0 kite shield (worn)
 k - a +0 helmet (worn)
 x - a +0 plate armour (worn)
 U - a +0 pair of boots (worn)
Jewellery
 d - the ring of the First Xeniums (right hand) {+Blink Str+3 Int+6 Dex+8}
   (You found it on level 10 of the Dungeon)

   [ring of intelligence]

   It affects your strength (+3).
   It affects your intelligence (+6).
   It affects your dexterity (+8).
   It lets you blink.
 g - an uncursed ring of fire
 j - an uncursed ring of teleportation
 r - an amulet of reflection (around neck)
 t - a +6 ring of intelligence
 u - an uncursed ring of see invisible
 w - a +4 ring of evasion
 y - an uncursed ring of flight
 B - an uncursed ring of magical power
 G - a +6 ring of strength (left hand)
 I - an uncursed ring of poison resistance
Wands
 q - a wand of acid (8)
 A - a wand of random effects (49)
 C - a wand of polymorph (15)
 H - a wand of iceblast (17)
 O - a wand of paralysis (9)
 V - a wand of digging (6)
 W - a wand of enslavement (11)
Scrolls
 b - 2 scrolls of identify
 n - 2 scrolls of remove curse
 p - 3 scrolls of teleportation
 D - 3 scrolls of amnesia
 F - a scroll of immolation
 J - 3 scrolls of magic mapping
 L - 2 scrolls of enchant armour
 M - 3 scrolls of fear
 N - a scroll of vulnerability
 P - a scroll of blinking
 Q - a scroll of holy word
 T - a scroll of summoning
Potions
 h - 2 potions of berserk rage
 i - a potion of stabbing
 l - 2 potions of curing
 o - a potion of lignification
 z - 3 potions of haste
 E - 3 potions of brilliance
 K - 2 potions of mutation
 R - a potion of magic
 Y - 2 potions of heal wounds
 Z - 2 potions of might
Miscellaneous
 v - a phantom mirror
Comestibles
 f - 16 rations


   Skills:
 + Level 6.7 Fighting
 + Level 12.1(13.1) Axes
 + Level 7.9(10.6) Maces & Flails
 + Level 3.8 Throwing
 + Level 9.3 Armour
 + Level 3.3 Dodging
 + Level 2.4 Stealth
 + Level 11.3 Shields
 * Level 4.6 Spellcasting
 * Level 7.5 Invocations
 + Level 0.4 Evocations


You had 17 spell levels left.
You knew the following spells:

 Your Spells              Type           Power        Failure   Level  Hunger
a - Song of Slaying       Chrm           #.......     93%         2    ##.....
b - Infusion              Chrm           #...         83%         1    None

Your spell library contained the following spells:

 Spells                   Type           Power        Failure   Level  Hunger
 Shroud of Golubria       Chrm/Tloc      #.....       93%         2    ##.....
 Ozocubu's Armour         Chrm/Ice       #.......     99%         3    ###....
 Spectral Weapon          Hex/Chrm       #.......     99%         3    ###....


Dungeon Overview and Level Annotations

Branches:
Dungeon (12/15)            Temple (1/1) D:6            Lair (2/6) D:8
  Snake (0/4) Lair:2          Orc (1/2) D:11          Sewer (visited)
  Swamp: Lair:2-4    Shoals: Lair:2-4

Altars:
Ashenzari
Cheibriados
Dithmenos
Elyvilon
Fedhas
Gozag
Hepliaklqana
Kikubaaqudgha
Makhleb
Nemelex Xobeh
Okawaru
Qazlal
Ru
Sif Muna
Trog
Uskayaw
Vehumet
Wu Jian
Xom
Yredelemnul
Zin
The Shining One
Beogh

Shops:
D:4 }   D:5 *[?   Orc:1 [?*

Annotations:
D:12 exclusion: 4 orange crystal statues


Innate Abilities, Weirdness & Mutations

You are resistant to damage.
You can heal yourself by infusing magical energy.
You passively map the area around you.
You do not regenerate.


Message History

The very large slime creature is heavily wounded.
Two slime creatures merge to form an enormous slime creature.
A slime creature comes into view.
You barely miss the enormous slime creature.
The enormous slime creature is moderately wounded.
You bludgeon the enormous slime creature!!
The enormous slime creature is heavily wounded.
You sock the enormous slime creature!
The enormous slime creature is heavily wounded.
The enormous slime creature hits you but does no damage.
A slime creature suddenly becomes a titanic slime creature.
You impale the titanic slime creature!!
The titanic slime creature is heavily wounded.
You puncture the titanic slime creature!
The titanic slime creature is heavily wounded.
You impale the titanic slime creature!!
The titanic slime creature is poisoned.
The titanic slime creature is severely wounded.
The titanic slime creature hits you!!!!
Ouch! That really hurt!
You die...

......#.......#
......#.......#. , *** ** *
......#.......#. , *
......#.......#. , , , *
......#.......#. , # ,, *
......#.......#., ,,#...# ,
#######.......#o * #...# , , ,
......#.......#J######...####+*
......#.......#.@.............,
......#.......#...............
......#.......#.............
......#.......#...###.)..# ,*
......#.......#...###....###.
......#.......#...............
*
......#.......#...............,
......#.......)......)..>.....,
......#.......#...###..##.##..,


You could see a titanic slime creature (very poisoned) and an orc.

Vanquished Creatures
  A hydra (D:12)
  Harold (D:11)
  A centaur warrior (D:10)
  2 two-headed ogres (D:9)
  A death knight (D:12)
  Nergalle (Orc:1)
  An unseen horror (D:12)
  The ghost of Edgeworth the Cleaver, a novice HOFi (D:5)
  2 ugly things
  2 cyclopes (D:12)
  A deep elf mage (D:12)
  2 manticores
  An orc sorcerer (D:11)
  2 rust devils
  3 komodo dragons
  6 trolls
  A queen bee (D:10)
  A hornet (D:11)
  3 blink frogs (Lair:1)
  3 hippogriffs
  A wyvern (D:10)
  17 yaks (Lair:1)
  Menkaure (D:6)
  2 hungry ghosts
  3 wargs (Orc:1)
  Duvessa (D:7)
  2 porcupines (Lair:1)
  4 water moccasins
  4 ice beasts
  5 orc warriors
  8 ogres
  2 black bears
  3 necrophages
  4 sky beasts
  3 phantoms
  5 centaurs
  A crocodile (D:8)
  A gnoll sergeant (Orc:1)
  18 bullfrogs
  A wyvern skeleton (D:10)
  3 scorpions
  21 killer bees
  Dowan (D:7)
  4 howler monkeys
  2 crimson imps
  7 centaur zombies
  A bullfrog zombie (D:9)
  7 hounds
  3 jellies
  5 centaur skeletons
  11 orc priests
  3 bullfrog skeletons
  5 iguanas
  6 orc wizards
  4 worker ants
  A hound zombie (D:10)
  2 worker ant zombies (D:5)
  5 gnolls (Orc:1)
  13 adders
  A howler monkey skeleton (D:4)
  An ooze (D:2)
  2 adder skeletons
  An adder zombie (D:5)
  3 worms
  4 dart slugs
  14 leopard geckos
  43 orcs
  7 ball pythons
  19 giant cockroaches
  8 goblins
  6 hobgoblins
  15 jackals
  10 kobolds
  2 quokkas
  A ball python skeleton (D:4)
  7 bats
  16 frilled lizards
  A quokka zombie (D:7)
  17 rats
  15 fungi (Lair:1)
  3 plants (Lair:1)
422 creatures vanquished.

Vanquished Creatures (others)
  A fungus (Lair:1)
  A plant (Lair:1)
2 creatures vanquished.

Grand Total: 424 creatures vanquished

Notes
Turn   | Place    | Note
-------+----------+-------------------------------------------
     0 | D:1      | Elvor the Deep Dwarf Fighter began the quest for the Orb.
     0 | D:1      | Reached XP level 1. HP: 20/20 MP: 1/1
   187 | D:1      | Reached XP level 2. HP: 25/27 MP: 2/2
   451 | D:1      | Reached XP level 3. HP: 27/34 MP: 3/3
   894 | D:2      | Reached skill level 3 in Axes
   975 | D:2      | Reached XP level 4. HP: 41/42 MP: 4/4
  1701 | D:2      | You fall into a shaft and drop 2 floors!
  1737 | D:4      | Found Xuafithe's Gadget Emporium.
  1771 | D:4      | Found a glowing drain.
  1799 | Sewer    | Entered a sewer
  1826 | Sewer    | Reached XP level 5. HP: 45/49 MP: 5/5
  2042 | Sewer    | Reached skill level 4 in Axes
  2042 | Sewer    | Reached skill level 1 in Dodging
  2048 | Sewer    | Reached XP level 6. HP: 34/56 MP: 6/6
  2142 | D:4      | Reached skill level 1 in Throwing
  2219 | D:4      | Reached skill level 5 in Axes
  2219 | D:4      | Reached XP level 7. HP: 15/63 MP: 7/7
  2639 | D:3      | Reached skill level 5 in Shields
  2919 | D:3      | Reached skill level 6 in Axes
  3234 | D:3      | You fall into a shaft and drop 2 floors!
  3234 | D:5      | Entered Level 5 of the Dungeon
  3437 | D:5      | Reached skill level 7 in Axes
  3484 | D:5      | Found Ocouf's General Store.
  3492 | D:5      | Bought a scroll of identify for 22 gold pieces
  3502 | D:5      | Found Hademibb's Antique Armour Shop.
  3598 | D:5      | Found a runed translucent door.
  3601 | D:5      | Noticed Edgeworth's ghost (novice HOFi)
  3663 | D:5      | Found an opulent altar of Gozag.
  3763 | D:5      | Found Ymona's Magic Scroll Emporium.
  3772 | D:5      | Bought a scroll of identify for 26 gold pieces
  3772 | D:5      | Bought a scroll of magic mapping for 45 gold pieces
  3772 | D:5      | Bought a scroll of identify for 26 gold pieces
  3772 | D:5      | Bought a scroll of identify for 26 gold pieces
  3772 | D:5      | Bought a scroll of identify for 26 gold pieces
  3873 | D:5      | Found an iron altar of Okawaru.
  3873 | D:5      | Found a bloodstained altar of Trog.
  3874 | D:5      | Found a blossoming altar of Fedhas.
  3979 | D:5      | Reached XP level 8. HP: 39/72 MP: 7/7
  4163 | D:5      | Killed Edgeworth's ghost
  4163 | D:5      | Reached skill level 8 in Axes
  4666 | D:6      | Reached skill level 5 in Armour
  4698 | D:6      | You fall into a shaft and drop 2 floors!
  4830 | D:6      | Reached skill level 9 in Axes
  4876 | D:5      | Noticed a rust devil
  4876 | D:5      | Noticed a rust devil
  4883 | D:5      | Gained mutation: You passively map the area around you.
                  | [Deep Dwarf growth]
  4883 | D:5      | Reached XP level 9. HP: 59/79 MP: 7/7
  4895 | D:5      | HP: 1/79 [orc warrior/+0 halberd (18)]
  4995 | D:7      | Noticed Dowan
  4997 | D:7      | Noticed Duvessa
  5001 | D:7      | Killed Dowan
  5021 | D:7      | Killed Duvessa
  5064 | D:7      | Learned a level 2 spell: Song of Slaying
  5200 | D:7      | Reached skill level 1 in Stealth
  5357 | D:6      | Reached skill level 10 in Axes
  5369 | D:6      | Found a glowing silver altar of Zin.
  5918 | D:5      | Killed a rust devil
  6346 | D:6      | Found a staircase to the Ecumenical Temple.
  6377 | Temple   | Entered the Ecumenical Temple
  6505 | Temple   | Became a worshipper of Elyvilon the Healer
  6538 | D:6      | Noticed Menkaure
  6550 | D:6      | Killed Menkaure
  6572 | D:6      | Got a crude iron ring
  6710 | D:6      | Found a shimmering blue altar of Sif Muna.
  6818 | D:6      | Killed a rust devil
  6818 | D:6      | Reached skill level 5 in Fighting
  6818 | D:6      | Reached XP level 10. HP: 69/88 MP: 5/5
  6999 | D:8      | Got a crude ring mail
  7080 | D:8      | Found a hide-covered altar of Uskayaw.
  7080 | D:8      | Found a radiant altar of Vehumet.
  7104 | D:8      | Identified the +0 ring mail of Going Fast {rC- Regen+
                  | rCorr} (You found it on level 8 of the Dungeon)
  7131 | D:8      | Identified the ring "Rathugo" {Int+2 Dex+4 Stlth-} (You
                  | found it on level 6 of the Dungeon)
  7336 | D:8      | Found a staircase to the Lair.
  7528 | Lair:1   | Entered Level 1 of the Lair of Beasts
  7540 | Lair:1   | Got a dazzling morningstar
  7563 | Lair:1   | Reached * piety under Elyvilon
  7889 | Lair:1   | Reached skill level 11 in Axes
  8269 | Lair:1   | Reached XP level 11. HP: 27/96 MP: 4/4
  8280 | Lair:1   | Learned a level 1 spell: Infusion
  8481 | Lair:1   | Reached skill level 1 in Invocations
  8497 | Lair:1   | Reached skill level 12 in Axes
  9028 | Lair:2   | Reached skill level 1 in Spellcasting
  9043 | Lair:2   | Found a staircase to the Snake Pit.
  9114 | D:8      | Identified the +11 morningstar "Rikhyi" {venom, *Contam
                  | rElec rC+ Str+4} (You found it on level 1 of the Lair of
                  | Beasts)
  9346 | D:9      | Reached ** piety under Elyvilon
  9391 | D:9      | Got a sparkling steel ring
  9401 | D:9      | Identified the ring "Garomm" {MR+ Str-5 Int+3 Stlth+} (You
                  | found it on level 9 of the Dungeon)
  9443 | D:9      | Noticed a two-headed ogre
  9453 | D:9      | Killed a two-headed ogre
  9453 | D:9      | Reached skill level 1 in Maces & Flails
  9701 | D:9      | Reached skill level 10 in Shields
  9845 | D:9      | Noticed a two-headed ogre
  9854 | D:9      | Killed a two-headed ogre
 10082 | D:10     | Entered Level 10 of the Dungeon
 10278 | D:10     | Noticed a centaur warrior
 10291 | D:10     | Killed a centaur warrior
 10879 | D:10     | Reached *** piety under Elyvilon
 11138 | D:10     | Upgraded the game from 0.25-b1-29-g4cfa5c7bda to
                  | 0.25-b1-37-g2669288c55
 11149 | D:10     | Got a smoking brass ring
 11162 | D:10     | Identified the ring of the First Xeniums {+Blink Str+3
                  | Int+6 Dex+8} (You found it on level 10 of the Dungeon)
 11226 | D:11     | Noticed a red ugly thing
 11236 | D:11     | Killed a red ugly thing
 11236 | D:11     | Reached XP level 12. HP: 76/105 MP: 9/9
 11323 | D:11     | Reached skill level 5 in Maces & Flails
 11335 | D:11     | Reached skill level 5 in Invocations
 11530 | D:11     | Paralysed by a hornet for 2 turns
 11544 | D:11     | Noticed Harold
 11555 | D:11     | Killed Harold
 11761 | D:11     | Found a staircase to the Orcish Mines.
 11773 | Orc:1    | Entered Level 1 of the Orcish Mines
 11775 | Orc:1    | Found Koecavah's Weapon Boutique.
 11839 | Orc:1    | Found Poetz's Antique Armour Shoppe.
 11871 | Orc:1    | Found Wefecitola's Magic Scroll Boutique.
 11885 | Orc:1    | Noticed Nergalle
 11898 | Orc:1    | Killed Nergalle
 11913 | Orc:1    | Bought a scroll of identify for 36 gold pieces
 11913 | Orc:1    | Bought a scroll of identify for 36 gold pieces
 11938 | Orc:1    | Found a roughly hewn altar of Beogh.
 12134 | Orc:1    | Found Wejupott's General Store.
 12157 | Orc:1    | Bought a scroll of identify for 36 gold pieces
 12157 | Orc:1    | Bought a scroll of identify for 36 gold pieces
 12515 | D:12     | Reached **** piety under Elyvilon
 12610 | D:12     | Found a runed translucent door.
 12622 | D:12     | Found the +10 tower shield of Ignorance {rN+ Int-4}
 12641 | D:12     | Found a runed translucent door.
 12980 | D:12     | Noticed a death knight
 12998 | D:12     | Killed a death knight
 13092 | D:12     | Noticed a six-headed hydra
 13103 | D:12     | Killed a six-headed hydra
 13273 | D:12     | Mangled by a titanic slime creature

Illustrated notes

Levels and vault maps discovered:
D:1:      dpeg_arrival_ratfight, layout_basic, minmay_hexomino_f4
D:2:      layout_loops_ring, first_ration, kennysheep_doodads
D:3:      layout_basic
D:4:      layout_cave_pools, portal_sewer_entry_f, serial_shops, shop_fountains
D:5:      cheibrodos_iron_armory, layout_basic, gammafunk_temple_overflow_claw,
          ebering_ghost_reflecting_pool, serial_shops,
          nicolae_shop_behind_doors, nicolae_shop_trees, nicolae_shop_stone,
          grunt_gozag_statues
D:6:      layout_cave_pools, kennysheep_mini_moat,
          minmay_temple_entry_sparse_star, serial_bayou_pond_a, led_sif_pool,
          uniq_menkaure
D:7:      layout_gridville, uniq_duvessa
D:8:      layout_cave_pools, amethyst_overflow_temple_binary, lair_entry_dummy
D:9:      layout_cave_pods
D:10:     layout_irregular_city, david_nohive_1, due_unseen_surprise
D:11:     layout_basic, orc_0_dummy, uniq_harold
D:12:     layout_gridville, chequers_guarded_unrand_ignorance
Temple:   nicolae_temple_elliptical
Lair:1:   layout_layer_cave, grunt_megastairs_1, serial_bayou_shore_b
Lair:2:   layout_regular_city, guppyfry_snake_entry_garden, serial_bayou_shore_a
Orc:1:    layout_caves, basic_altar, serial_shops, nicolae_shop_statue_plus,
          shop, shop, shop, uniq_nergalle

Skill      XL: |  1  2  3  4  5  6  7  8  9 10 11 12 |
---------------+-------------------------------------+-----
Fighting       | 3 4 5 6 |  6.7
Axes           | 3 4 5 7 9 10 11 12 | 12.1
Shields        | 4 5 6 8 9 10 11 | 11.3
Dodging        | 2 3 |  3.3
Throwing       | 1 2 3 |  3.8
Armour         | 4 5 6 7 8 9 |  9.3
Stealth        | 1 2 |  2.4
Invocations    | 4 7 |  7.5
Spellcasting   | 3 4 |  4.6
Maces & Flails | 4 7 |  7.9
Evocations     | |  0.4

Action                   |  1- 3 |  4- 6 |  7- 9 | 10-12 || total
-------------------------+-------+-------+-------+-------++-------
Melee: War axe           |   150 |   192 |   533 |   356 ||  1231
       Morningstar       |       |       |       |   468 ||   468
Throw: Dart              |     4 |    15 |    54 |     9 ||    82
       Javelin           |       |       |       |    13 ||    13
       Boomerang         |       |       |       |    10 ||    10
Invok: Lesser Healing    |       |       |       |    78 ||    78
       Greater Healing   |       |       |       |     2 ||     2
 Abil: Heal Wounds       |     1 |     1 |    20 |     7 ||    29
       Evoke Blink       |       |       |       |     1 ||     1
Evoke: Wand              |       |       |     5 |     4 ||     9
  Use: Scroll            |       |       |    24 |     9 ||    33
       Potion            |       |       |     7 |     1 ||     8
  Eat: Chunk             |     1 |     4 |     6 |    13 ||    24
       Ration            |       |       |     4 |     7 ||    11
Armor: Scale mail        |    80 |   114 |     8 |       ||   202
       Chain mail        |       |       |    74 |       ||    74
       Plate armour      |       |       |    81 |   273 ||   354
       Ring mail         |       |       |       |     6 ||     6
Dodge: Dodged            |    50 |    75 |   186 |   283 ||   594
Block: Kite shield       |    83 |   110 |   324 |   597 ||  1114
       Reflection        |       |       |       |    20 ||    20
